AoeStats
← Faggerbahrer Ulli

Arabia

509883234Analyzed
4v4 RM · 3d ago on Sep 28, 2026· 45m 8s· 8 players
Game mode
Random Map
Map size
Large (8 player)
Population
200
Speed
Normal
Resources
Standard
Victory
Conquest
Starting age
Dark Age
Ending age
Imperial Age
RankedLock teamsTeams togetherTeam positionsShared explorationLock speedFull tech treeHidden civsTurbo modeCheats
Victory
Defeat
🇨🇳 Wu · China
1144
+11
🇨🇳 Cumans · China
1061
+15
🇨🇳 Franks · China
1044
+15
🇹🇼 Poles · Taiwan
1012
+17
🇩🇪 Mongols · Germany
1113
-17
🇦🇷 Britons · Argentina
1034
-35
🇦🇺 Japanese · Australia
1018
-14
🇦🇷 Goths · Argentina
975
-16
大汉忠臣曹孟德
7:05 Loom
9:24 Feudal Age
10:12 Double-Bit Axe
10:59 Horse Collar
16:32 Fletching
17:34 Town Watch
24:15 Castle Age
22:39 Padded Archer Armor
23:43 Wheelbarrow
25:11 Bow Saw
25:40 Bloodlines
26:37 Gold Mining
29:15 Bodkin Arrow
30:52 Ballistics
32:00 Gold Shaft Mining
35:18 Imperial Age
33:04 Hand Cart
33:43 Masonry
33:45 Capped Ram
34:59 Forging
34:54 Scale Barding Armor
35:38 Light Cavalry
36:19 Stone Mining
37:40 Leather Archer Armor
37:18 Elite Kipchak
39:25 Chemistry
38:58 Thumb Ring
39:19 Parthian Tactics
39:27 Ring Archer Armor
39:33 Iron Casting
42:09 Town Patrol
44:08 Conscription
43:50 Steppe Husbandry
43:54 Siege Ram
44:55 Onager
LoveCreamPie
6:28 Loom
9:17 Feudal Age
10:31 Double-Bit Axe
15:04 Horse Collar
18:29 Wheelbarrow
22:13 Castle Age
20:13 Gold Mining
21:16 Scale Barding Armor
21:49 Forging
21:54 Bloodlines
22:34 Light Cavalry
23:50 Iron Casting
24:15 Husbandry
24:19 Stone Mining
26:14 Heavy Plow
28:41 Chain Barding Armor
37:51 Imperial Age
36:17 Hand Cart
35:47 Town Watch
36:39 Stone Shaft Mining
36:58 Fletching
37:09 Padded Archer Armor
37:31 Bow Saw
39:14 Crop Rotation
38:05 Winged Hussar
39:08 Conscription
40:29 Blast Furnace
39:25 Bodkin Arrow
39:46 Leather Archer Armor
41:01 Chemistry
39:42 Treadmill Crane
39:23 Crossbowman
40:09 Thumb Ring
40:27 Szlachta Privileges
41:22 Hand Cart
42:02 Arbalester
ZHurald ZHurdrada
7:15 Loom
9:45 Feudal Age
12:17 Double-Bit Axe
12:00 Man-at-Arms
13:20 Arson
15:13 Horse Collar
18:34 Forging
18:25 Scale Mail Armor
25:43 Castle Age
26:44 Squires
27:04 Bow Saw
27:58 Chain Mail Armor
28:18 Iron Casting
28:41 Heavy Plow
30:31 Wheelbarrow
30:06 Gold Mining
30:07 Stone Mining
31:22 Pikeman
33:38 Stone Shaft Mining
34:31 Hand Cart
35:35 Town Watch
40:00 Imperial Age
38:26 Town Patrol
39:12 Treadmill Crane
41:19 Plate Mail Armor
41:15 Guilds
42:57 Gold Shaft Mining
45:08 Conscription
Priedrich
11:09 Feudal Age
10:02 Loom
15:39 Scale Barding Armor
19:46 Castle Age
17:58 Double-Bit Axe
24:42 Bow Saw
25:50 Forging
29:34 Wheelbarrow
30:17 Husbandry
31:27 Chain Barding Armor
39:40 Imperial Age
37:23 Gold Mining
38:59 Hand Cart
40:15 Cavalier
40:59 Chivalry
41:22 Conscription
41:43 Paladin
43:18 Plate Barding Armor
43:11 Light Cavalry
44:43 Gold Shaft Mining
44:26 Treadmill Crane
45:24 Iron Casting
Faggerbahrer Ulli
3:55 Loom
10:02 Feudal Age
11:52 Double-Bit Axe
24:31 Castle Age
24:37 Fletching
25:33 Bodkin Arrow
26:24 Husbandry
29:37 Wheelbarrow
30:49 Ballistics
39:21 Bloodlines
42:33 Town Watch
Rido
0:26 Loom
10:42 Feudal Age
11:02 Man-at-Arms
14:36 Arson
17:20 Forging
17:10 Scale Mail Armor
17:20 Forging
17:10 Scale Mail Armor
18:38 Double-Bit Axe
22:23 Gold Mining
22:24 Stone Mining
25:07 Castle Age
25:06 Wheelbarrow
26:08 Bow Saw
25:41 Horse Collar
26:27 Pikeman
26:28 Long Swordsman
29:59 Fletching
30:58 Bodkin Arrow
31:39 Iron Casting
31:20 Chain Mail Armor
31:07 Squires
30:53 Gambesons
33:04 Guard Tower
34:13 Ballistics
37:20 Imperial Age
35:30 Gold Shaft Mining
36:35 Hand Cart
37:41 Yasama
38:51 Hand Cart
38:22 Town Watch
39:54 Chemistry
39:05 Arrowslits
39:09 Two-Handed Swordsman
40:25 Plate Mail Armor
40:55 Elite Skirmisher
naskem_
2:07 Loom
11:00 Feudal Age
19:51 Castle Age
19:34 Forging
20:01 Crossbowman
21:19 Iron Casting
20:37 Fletching
21:15 Bodkin Arrow
23:34 Ballistics
24:11 Padded Archer Armor
24:43 Gold Mining
24:40 Double-Bit Axe
28:19 Yeomen
28:41 Leather Archer Armor
36:25 Imperial Age
35:05 Treadmill Crane
38:06 Chemistry
37:11 Bracer
36:46 Arbalester
37:54 Conscription
39:55 Town Watch
40:14 Murder Holes
40:37 Town Patrol
Antragonor.
2:16 Loom
11:54 Feudal Age
16:44 Castle Age
15:15 Double-Bit Axe
16:51 Horse Collar
16:41 Man-at-Arms
19:23 Gold Mining
19:03 Long Swordsman
21:05 Forging
20:56 Scale Mail Armor
20:59 Squires
29:25 Pikeman
40:53 Imperial Age
40:53 Wheelbarrow
40:34 Bow Saw
40:30 Heavy Plow
40:57 Anarchy
41:54 Chain Mail Armor
Connection lost

Rejoining the realm…

Still unreachable

The connection could not be restored.

Session expired

The server has moved on; the page needs a fresh start.